 Dungeon Crawl Stone Soup version 0.19-a0-1155-gb6eeeff (webtiles) character file.

126 Duffy the Sneak (level 4, 0/21 HPs)
             Began as a Spriggan Enchanter on Aug 13, 2016.
             Slain by a gnoll
             ... wielding a +0 whip
              (10 damage)
             ... on level 3 of the Dungeon.
             The game lasted 00:04:42 (2881 turns).

Duffy the Sneak (Spriggan Enchanter)                Turns: 2881, Time: 00:04:43

Health: 0/21       AC:  3    Str:  4    XL:     4   Next: 83%
Magic:  3/11       EV: 18    Int: 17    God:
Gold:   101        SH:  0    Dex: 16    Spells: 4 memorised, 2 levels left

rFire  + . .     SeeInvis +     a - +1 dagger
rCold  . . .     Gourm    .     r - +1 robe {rF+}
rNeg   . . .     Faith    .     (shield restricted)
rPois  .         Spirit   .     (helmet restricted)
rElec  .         Dismiss  .     (no cloak)
rCorr  .         Reflect  .     (gloves unavailable)
MR     .....     Harm     .     (boots unavailable)
Stlth  ++++......               (no amulet)
                                (no ring)
                                (no ring)

@: very quick
A: unfitting armour, see invisible, herbivore 3, speed 3, slow metabolism 2
a: no special abilities


You were on level 3 of the Dungeon.
You were hungry.

You visited 1 branch of the dungeon, and saw 3 of its levels.

You collected 101 gold pieces.


Innate Abilities, Weirdness & Mutations

You are tiny and cannot use many weapons and most armour.
You have supernaturally acute eyesight. (SInv)
You are a herbivore.
You cover ground extremely quickly.
You need consume almost no food.


   Skills:
 + Level 2.0 Short Blades
 - Level 3.0 Dodging
 + Level 6.0 Stealth
 + Level 4.2 Spellcasting
 + Level 4.6 Hexes


You had 2 spell levels left.
You knew the following spells:

 Your Spells              Type           Power        Failure   Level  Hunger
a - Ensorcelled Hibernat  Hex/Ice        ##....       12%         2    ##.....
c - Confuse               Hex            ###.....     10%         3    ###....
l - Tukima's Dance        Hex            ###.....     10%         3    ###....
r - Corona                Hex            ###....      2%          1    None

Inventory:

Hand Weapons
 a - a +1 dagger (weapon)
 u - a +0 vampiric short sword
Missiles
 h - 34 sling bullets
 i - 49 stones (quivered)
 o - 8 poisoned needles
Armour
 b - a +1 robe
 r - a +1 robe of fire resistance (worn)
Scrolls
 m - a scroll of amnesia {unknown}
 p - a scroll of remove curse {unknown}
 q - 2 scrolls of immolation {unknown}
 s - a scroll of teleportation {unknown}
 t - a scroll of random uselessness {unknown}
Potions
 e - a potion of lignification {unknown}
 f - a potion of agility {unknown}
 j - 3 potions of curing {unknown}
 k - a potion of flight {unknown}
 l - 3 potions of heal wounds {unknown}
 v - a potion of brilliance {unknown}
Books
 c - a book of Maledictions
Comestibles
 d - 2 bread rations
 g - 5 fruits
 n - a slice of pizza

Dungeon Overview and Level Annotations

Branches:
Dungeon (3/15)

Altars:
Gozag
Nemelex Xobeh
Sif Muna
Trog
Zin


Message History

Aiming: Ensorcelled Hibernation
Press: ? - help, Shift-Dir - straight line, f - gnoll
Aim: a gnoll, wielding a whip (chance to defeat MR: 50%)
The gnoll resists with some effort.
The gnoll hits you with a whip!
Cast which spell? (? or * to list)
Aiming: Ensorcelled Hibernation
Press: ? - help, Shift-Dir - straight line, f/p - gnoll
Aim: a gnoll, wielding a whip (chance to defeat MR: 50%)
The gnoll resists with some effort.
Cast which spell? (? or * to list)
Aiming: Ensorcelled Hibernation
Press: ? - help, Shift-Dir - straight line, f/p - gnoll
Aim: a gnoll, wielding a whip (chance to defeat MR: 50%)
The gnoll looks drowsy...
The helpless gnoll fails to defend itself.
You impale the gnoll!!
You kill the gnoll!
Your Short Blades skill increases to level 2!
Your Stealth skill increases to level 6!
You hit the rat.
The rat is moderately wounded.
The rat twitches its whiskers.
The rat barely misses you.
You hit the rat.
You kill the rat!
Cast which spell? (? or * to list)
Aiming: Ensorcelled Hibernation
Press: ? - help, Shift-Dir - straight line, f - gnoll
Aim: a gnoll, wielding a whip (chance to defeat MR: 50%)
The gnoll resists with some effort.
The gnoll shouts!
You are feeling hungry.
The gnoll hits you with a whip.
An adder comes into view.
There are monsters nearby!
Things that are here:
a hand axe of venom; a chain mail You start resting.
Cast which spell? (? or * to list)
Aiming: Ensorcelled Hibernation
Press: ? - help, Shift-Dir - straight line, f/p - gnoll
Aim: a gnoll, wielding a whip (hasn't noticed you, chance to defeat MR: 50%)
The gnoll shouts!
The gnoll resists with some effort.
Cast which spell? (? or * to list)
Aiming: Ensorcelled Hibernation
Press: ? - help, Shift-Dir - straight line, f/p - gnoll
Aim: a gnoll, wielding a whip (chance to defeat MR: 50%)
The gnoll resists with some effort.
The gnoll hits you with a whip!
You die...

##############
#.......>....#
#.##########.# #.# #.#
##.## ###.###
########.#.#######.....###
#...).g.###.....##.....#.##
#.######.#@####%..........#
#.# ##g## ####.....#.#. #.#
#.# #.....#... #.# #.#
########.#.###% #.# #.#
#.........#.#.# #g#
#.............##.## #.#
#####.#######.#### #g#
#.##### ######.#######
#......


You could see a gnoll.

Action                   |  1- 3 |  4- 6 || total
-------------------------+-------+-------++-------
Melee: Dagger            |   155 |    70 ||   225
 Cast: Ensorcelled Hiber |     8 |    11 ||    19
 Stab: Sleeping          |    17 |    10 ||    27
       Distracted        |     1 |       ||     1
Armor: Robe              |    12 |     9 ||    21
Dodge: Dodged            |   113 |    59 ||   172

Notes
Turn   | Place    | Note
-------+----------+-------------------------------------------
     0 | D:1      | Duffy the Spriggan Enchanter began the quest for the Orb.
     0 | D:1      | Reached XP level 1. HP: 9/9 MP: 5/5
   194 | D:1      | Reached skill level 3 in Spellcasting
   279 | D:1      | Reached XP level 2. HP: 13/13 MP: 7/7
   283 | D:1      | Learned a level 2 spell: Ensorcelled Hibernation
   489 | D:1      | Reached skill level 5 in Stealth
   489 | D:1      | Reached skill level 4 in Hexes
   585 | D:1      | Reached XP level 3. HP: 16/16 MP: 8/8
   592 | D:1      | Learned a level 3 spell: Confuse
  1430 | D:2      | Found a deep blue altar of Sif Muna.
  1433 | D:2      | Found a sparkling altar of Nemelex Xobeh.
  1434 | D:2      | Found a glowing silver altar of Zin.
  1434 | D:2      | Found a bloodstained altar of Trog.
  1435 | D:2      | Found an opulent altar of Gozag.
  2070 | D:2      | Reached XP level 4. HP: 15/21 MP: 5/10
  2075 | D:2      | Learned a level 3 spell: Tukima's Dance
  2552 | D:3      | Reached skill level 4 in Spellcasting
  2845 | D:3      | Reached skill level 2 in Short Blades
  2845 | D:3      | Reached skill level 6 in Stealth
  2881 | D:3      | Slain by a gnoll

Skill      XL: |  1  2  3  4 |
---------------+-------------+-----
Spellcasting   | 3 4 |  4.2
Stealth        | 5 6 |  6.0
Hexes          | 4 |  4.6
Short Blades   | 2 |  2.0
Dodging        | |  3.0

Vault maps used:
D:1:      elethiomel_arrival_infinity_welcomes_careful_drivers,
          minmay_crystal_room, st_stairs_9
D:2:      grunt_temple_overflow_open, first_bread
D:3:      minmay_diamond_boxcup

Vanquished Creatures
  A gnoll
  4 adders
  An ooze
  2 worms
  2 dart slugs
  3 giant geckos
  An orc
  2 bats
  8 goblins
  10 hobgoblins
  2 jackals
  3 quokkas
  2 ball pythons
  6 giant newts
  9 kobolds
  6 rats
62 creatures vanquished.
